 Dungeon Crawl Stone Soup version 0.23-a0-49-gd9f7a49 (webtiles) character file.

26 MovingMist the Covered (level 3, -2/23 HPs)
             Began as a Gargoyle Fighter on Aug 7, 2018.
             Killed by divine providence
             ... invoked by an orc priest
              (12 damage)
             ... on level 2 of the Dungeon.
             The game lasted 00:01:44 (612 turns).

MovingMist the Covered (Gargoyle Fighter)            Turns: 612, Time: 00:01:45

Health: -2/23      AC: 10    Str: 19    XL:     3   Next: 8%
Magic:  3/3        EV:  7    Int:  8    God:
Gold:   60         SH:  9    Dex: 10    Spells: 2/2 levels left

rFire    . . .     SeeInvis .   a - +0 flail
rCold    . . .     Gourm    .   c - +0 shield
rNeg     + . .     Faith    .   b - +0 scale mail
rPois    ∞         Spirit   .   (no helmet)
rElec    +         Reflect  .   (no cloak)
rCorr    .         Harm     .   (no gloves)
MR       .....                  (no boots)
Stlth    ..........             (no amulet)
HPRegen  0.07/turn              (no ring)
MPRegen  0.08/turn              (no ring)

@: no status effects
A: negative energy resistance 1, electricity resistance, unbreathing,
petrification resistance, rot immunity, AC +3
a: no special abilities


You were on level 2 of the Dungeon.
You were not hungry.

You visited 1 branch of the dungeon, and saw 2 of its levels.

You collected 60 gold pieces.

Inventory:

Hand Weapons
 a - a +0 flail (weapon)
Armour
 b - a +0 scale mail (worn)
 c - a +0 shield (worn)
Scrolls
 i - a scroll of remove curse {unknown}
 k - a scroll of immolation {unknown}
 l - a scroll of identify {unknown}
 m - a scroll of enchant armour {unknown}
Potions
 d - 2 potions of might
 e - a potion of flight {unknown}
 h - a potion of degeneration {unknown}
 j - a potion of heal wounds {unknown}
 n - a potion of lignification {unknown}
Comestibles
 f - 2 rations
 g - 6 chunks of flesh


   Skills:
 + Level 3.5 Fighting
 + Level 2.3 Maces & Flails
 + Level 3.5 Armour
 * Level 1.2 Dodging
 - Level 3.2 Shields


You had 2 spell levels left.
You didn't know any spells.
Your spell library was empty.

Dungeon Overview and Level Annotations

Branches:
Dungeon (2/15)

Altars:


Innate Abilities, Weirdness & Mutations

You are resistant to torment.
Your stone body is resilient. (AC +3)
You are immune to poison.
You resist negative energy. (rN+)
You are resistant to electric shocks. (rElec)
You can survive without breathing.
You are immune to petrification.
You are immune to rotting.


Message History

You hit the orc.
The orc is almost dead.
You block the orc wizard's attack.
The orc priest calls upon Beogh to heal the orc.
The orc is healed somewhat.
The orc priest hits you from afar with a trident.
You hit the orc.
The orc is heavily wounded.
The orc wizard points at you and mumbles some strange words.
The magic dart hits you! The orc hits you but does no damage.
The orc priest hits you but does no damage.
The orc wizard casts a spell at you. The magic dart hits you!
The orc hits you but does no damage.
Unknown command.
Your shield and scale mail prevent you from hitting the orc.
The orc is heavily wounded.
The orc priest mumbles some strange prayers to Beogh against you.
Beogh smites you!
Ouch! That really hurt!
You die...

## ##+## . ...
#...####.. ....
+.........
.....#.ooo.....
.......oo......
#@# #.# #.# #<#
#.# #.# #.# #.#
#.#


You could see 2 orc priests, an orc wizard and 2 orcs.

Vanquished Creatures
  2 dart slugs (D:1)
  A leopard gecko (D:1)
  3 giant cockroaches (D:1)
  A hobgoblin (D:1)
  5 jackals (D:1)
  2 bats (D:1)
  3 goblins (D:1)
  2 rats (D:1)
19 creatures vanquished.

Notes
Turn   | Place    | Note
-------+----------+-------------------------------------------
     0 | D:1      | MovingMist the Gargoyle Fighter began the quest for the Orb.
     0 | D:1      | Reached XP level 1. HP: 14/14 MP: 1/1
   127 | D:1      | Reached XP level 2. HP: 15/19 MP: 2/2
   270 | D:1      | Reached skill level 1 in Dodging
   413 | D:1      | Reached XP level 3. HP: 22/23 MP: 3/3
   612 | D:2      | Killed from afar by an orc priest

Vault maps used:
D:1:      dpeg_arrival_leaves_temple_mockup
D:2:      uniq_jessica, uniq_natasha

Skill      XL: |  1  2 |
---------------+-------+-----
Dodging        | 1 |  1.2
Fighting       | |  3.5
Maces & Flails | |  2.3
Armour         | |  3.5
Shields        | |  3.2

Action                   || total
-------------------------++-------
Melee: Flail             ||    82
Armor: Scale mail        ||    49
Dodge: Dodged            ||    21
Block: Shield            ||    41

Table legend:
 A = Spawn XP
 B = Non-spawn XP
 C = Spawn XP percentage of total XP
 D = Spawn monster count
 E = Non-spawn monster count
 F = Spawn count percentage of total count
 G = Total turns spent on level
                    A         B        C        D         E        F      G
               +---------+---------+-------+---------+---------+-------+---------
         Total |       0 |      38 |   0.0 |       0 |      19 |   0.0 |   612
               +---------+---------+-------+---------+---------+-------+---------
           D:1 |       0 |      38 |   0.0 |       0 |      19 |   0.0 |   605
               +---------+---------+-------+---------+---------+-------+---------
